 Dungeon Crawl Stone Soup version 0.24.0-10-g970556be89 (webtiles) character file.

Game seed: 17668778304562892464, levelgen mode: deterministic

32 kkkmkkk the Digger (level 3, -4/21 HPs)
             Began as an Octopode Earth Elementalist on Nov 4, 2019.
             Slain by a hobgoblin (5 damage)
             ... on level 1 of the Dungeon.
             The game lasted 00:01:04 (620 turns).

kkkmkkk the Digger (Octopode Earth Elementalist)     Turns: 620, Time: 00:01:05

Health: -4/21      AC:  1    Str:  7    XL:     3   Next: 25%
Magic:  0/6        EV: 14    Int: 18    God:
Gold:   52         SH:  0    Dex: 12    Spells: 6/7 levels left

rFire    . . .     SeeInvis .   d - +0 club
rCold    . . .     Gourm    .   (no shield)
rNeg     . . .     Faith    .   (helmet restricted)
rPois    .         Spirit   .   (no amulet)
rElec    .         Reflect  .   (no ring)
rCorr    .         Harm     .   (no ring)
MR       .....                  (no ring)
Stlth    +++.......             (no ring)
HPRegen  0.07/turn              (no ring)
MPRegen  0.10/turn              (no ring)
                                (no ring)
                                (no ring)

@: very slightly contaminated
A: almost no armour, stealthy swim, amphibious, 8 rings, constrict 8, camouflage
1, gelatinous body 1
a: no special abilities


You were on level 1 of the Dungeon.
You were not hungry.

You visited 1 branch of the dungeon, and saw 2 of its levels.

You collected 52 gold pieces.

Inventory:

Hand Weapons
 d - a +0 club (weapon)
Missiles
 b - 44 stones (quivered)
 f - a throwing net
Scrolls
 a - a scroll of blinking {unknown}
Potions
 e - a potion of flight {unknown}
 h - a potion of brilliance {unknown}
Comestibles
 c - 3 rations
 g - 2 chunks of flesh


   Skills:
 + Level 2.6 Dodging
 - Level 2.6 Stealth
 + Level 2.5 Spellcasting
   Level 1.0 Transmutations
 + Level 3.4 Earth Magic


You had 6 spell levels left.
You knew the following spells:

 Your Spells              Type           Power        Failure   Level  Hunger
a - Sandblast             Erth           ##....       4%          1    #......

Your spell library contained the following spells:

 Spells                   Type           Power        Failure   Level  Hunger
 Passwall                 Tmut/Erth      ##......     11%         2    ##.....
 Stone Arrow              Conj/Erth      #.....       26%         3    ###....
 Petrify                  Tmut/Erth      ##......     56%         4    #####..
 Lee's Rapid Deconstruct  Erth           ##........   75%         5    ######.


Dungeon Overview and Level Annotations

Branches:
Dungeon (2/15)

Altars:


Innate Abilities, Weirdness & Mutations

You cannot wear most types of armour.
You are very stealthy in the water. (Stealth+)
You are amphibious.
You can wear up to eight rings at the same time.
You can use your tentacles to constrict eight enemies at once.
Your skin changes colour to match your surroundings (Stealth+).
Your rubbery body absorbs attacks. (AC +1, EV +1)


Message History

Casting: Sandblast (safe; 4% risk of failure)
Confirm with . or Enter, or press ? or * to list all spells.
Aiming: Sandblast (safe; 4% risk of failure)
Press: ? - help, Shift-Dir - straight line, f - hobgoblin
Aim: a hobgoblin The blast of sand hits the hobgoblin.
The hobgoblin is moderately wounded.
b - 45 stones The hobgoblin hits you.
* * * LOW HITPOINT WARNING * * *
Casting: Sandblast (safe; 4% risk of failure)
Confirm with . or Enter, or press ? or * to list all spells.
Aiming: Sandblast (safe; 4% risk of failure)
Press: ? - help, Shift-Dir - straight line, f/p - hobgoblin
Aim: a hobgoblin (moderately wounded)
The blast of sand hits the hobgoblin.
The hobgoblin is severely wounded.
b - 44 stones The hobgoblin hits you.
You die...

################
...............########
................@g...>##
######.........####....# #### ..#
###.###.### #.#..# #...
#.######..##.# #.#..# ####.##
.......##.##(# #.#..####...)##
........#.##.######.#......รท.....
........#..#...#....#.#####.#####
........##.#.#.#.####............
........##...#...# ####.....####.


You could see a hobgoblin.

Vanquished Creatures
  An adder (D:1)
  A worm (D:2)
  A leopard gecko (D:1)
  3 bats (D:1)
  A goblin (D:1)
  4 hobgoblins (D:1)
  3 frilled lizards
  3 kobolds (D:1)
  2 rats (D:1)
19 creatures vanquished.

Notes
Turn   | Place    | Note
-------+----------+-------------------------------------------
     0 | D:1      | kkkmkkk the Octopode Earth Elementalist began the quest for
                  | the Orb.
     0 | D:1      | Reached XP level 1. HP: 11/11 MP: 3/3
   143 | D:1      | Reached XP level 2. HP: 14/17 MP: 3/5
   552 | D:1      | Reached XP level 3. HP: 14/21 MP: 0/6
   619 | D:1      | HP: 1/21 [hobgoblin (3)]
   620 | D:1      | Slain by a hobgoblin

Levels and vault maps discovered:
D:1:      minmay_arrival_four_loops, layout_basic
D:2:      layout_rooms, lemuel_crystal_altar, kiku_gazebo_pond_becter,
          lemuel_doored_altar, uniq_crazy_yiuf_cottage

Action                   || total
-------------------------++-------
Melee: Club              ||    17
       Unarmed           ||     5
       Constrict         ||     7
       Tentacles         ||     3
 Cast: Sandblast         ||    19
 Stab: Sleeping          ||     4
Armor: Skin              ||     4
Dodge: Dodged            ||    26
